 Dungeon Crawl Stone Soup version 0.29.0-11-gd7f09526c8 (webtiles) character file.

Game seed: 2397909167867061063

23005 doricub5 the Warrior (level 12, -36/183 HPs)
             Began as a Minotaur Berserker on Sept 1, 2022.
             Was a High Priest of Trog.
             Annihilated by a very large slime creature (54 damage)
             ... summoned by a glowing orange brain
             ... in a Gauntlet on Sept 2, 2022.
             The game lasted 01:04:52 (9473 turns).

doricub5 the Warrior (Minotaur Berserker)           Turns: 9473, Time: 01:04:56

Health: -36/183    AC: 19    Str: 30    XL:     12   Next: 68%
Magic:  11/11      EV: 14    Int:  4    God:    Trog [*****.]
Gold:   850        SH: 12    Dex: 10    Spells: 11/11 levels left

rFire   . . .      SeeInvis .   g - +2 demon trident (flame)
rCold   . . .      Faith    .   s - +1 kite shield
rNeg    . . .      Spirit   .   O - +1 plate armour
rPois   +          Reflect  .   (helmet restricted)
rElec   .          Harm     .   (no cloak)
rCorr   .          Rampage  .   I - +2 pair of gloves {Str+3}
Will    .....      NoTele   +   (no boots)
Stlth   ..........              f - amulet of regeneration
HPRegen 1.20/turn               F - +4 ring of evasion
MPRegen 0.12/turn               z - ring of poison resistance

@: berserking, spiked, very quick
A: horns 2, retaliatory headbutt
a: Renounce Religion, Berserk, Trog's Hand, Brothers in Arms


You were in a Gauntlet.
You worshipped Trog.
Trog was extremely pleased with you.
You visited 2 branches of the dungeon, and saw 13 of its levels.
You also visited: Gauntlet.

You collected 1030 gold pieces.
You spent 180 gold pieces at shops.

Inventory:

Hand Weapons
 g - a +2 demon trident of flaming (weapon)
 p - a +3 war axe of flaming
 t - the +0 rapier of Mutilation {drain, Dex+5}
   (You found it on level 3 of the Dungeon)

   A truly terrible weapon, it drains the life of any living foe it strikes.
   Dex:       It affects your dexterity (+5).
 x - a +0 vampiric war axe
Missiles
 a - 5 silver javelins (quivered)
Armour
 q - a +2 ring mail of fire resistance
 s - a +1 kite shield (worn)
 I - a +2 pair of gloves of strength (worn)
 O - a +1 plate armour (worn)
Jewellery
 d - a ring of flight
 e - a ring of willpower
 f - an amulet of regeneration (around neck)
 z - a ring of poison resistance (right hand)
 F - a +4 ring of evasion (left hand)
 T - a ring of resist corrosion
Wands
 y - a wand of roots (7)
 C - a wand of mindburst (8)
 L - a wand of polymorph (7)
 M - a wand of flame (23)
Scrolls
 i - a scroll of magic mapping
 m - 2 scrolls of silence {unknown}
 n - 2 scrolls of fear
 v - 2 scrolls of brand weapon
 w - 2 scrolls of summoning {unknown}
 B - 3 scrolls of blinking
 D - 3 scrolls of vulnerability
 E - a scroll of poison {unknown}
 H - a scroll of butterflies {unknown}
 P - a scroll of immolation {unknown}
 Q - a scroll of teleportation {unknown}
 S - a scroll of acquirement {unknown}
Potions
 b - 2 potions of attraction
 c - 3 potions of cancellation
 h - 5 potions of lignification
 j - a potion of resistance {unknown}
 k - a potion of flight {unknown}
 l - 4 potions of curing
 o - a potion of berserk rage {unknown}
 r - 2 potions of ambrosia {unknown}
 u - 4 potions of might
 A - a potion of brilliance {unknown}
 G - 6 potions of heal wounds
 J - 2 potions of mutation {unknown}
 K - 2 potions of degeneration {unknown}
 N - a potion of experience {unknown}
 R - 2 potions of haste {unknown}


   Skills:
 * Level 16.1 Fighting
 + Level 7.7 Polearms
 + Level 11.6 Armour
 - Level 10.0 Dodging
 + Level 11.0 Shields


You had 11 spell levels left.
You didn't know any spells.
Your spell library was empty.

Dungeon Overview and Level Annotations

Branches:
Dungeon (9/15)             Temple (0/1) D:5            Lair (4/5) D:8
  Swamp (0/4) Lair:2        Snake (0/4) Lair:3          Orc (0/2) D:9
Gauntlet (1/1)
  Slime: Lair:4-5

Altars:
Fedhas
Gozag
Hepliaklqana
Okawaru
Qazlal
Trog
Wu Jian
Xom

Shops:
D:6 !   D:7 [

Annotations:
Gauntlet 11 transporters


Innate Abilities, Weirdness & Mutations

You have a pair of horns on your head.
You reflexively headbutt those who attack you in melee.


Message History

You feel less confused.
You block the green ugly thing's attack.
The very large slime creature hits you!!!
* * * LOW HITPOINT WARNING * * *
The red devil hits you but does no damage.
You feel much better. The green ugly thing misses you.
Two slime creatures merge to form a titanic slime creature.
The red devil misses you.
Okay, then.
A red film seems to cover your vision as you go berserk!
You feel yourself moving faster!
You feel mighty! The green ugly thing barely misses you.
The red devil closely misses you.
You are too injured to fight recklessly!
You impale the green ugly thing!! You burn the green ugly thing!
You kill the green ugly thing!
Trog accepts your kill. The red devil barely misses you.
A titanic slime creature splits.
Your Shields skill increases to level 11!
Reach: g) +2 demon trident (flame)
Press: ? - help, Dir - move target, f - glowing orange brain
Aim: a glowing orange brain (about 14% to evade your +2 demon trident of flaming)
You puncture the glowing orange brain! You burn the glowing orange brain.
The glowing orange brain is moderately wounded.
Reach: g) +2 demon trident (flame)
Press: ? - help, Dir - move target, f/p - glowing orange brain
Aim: a glowing orange brain (moderately wounded, about 14% to evade your +2 demon trident of flaming)
You impale the glowing orange brain!! You burn the glowing orange brain!
You kill the glowing orange brain!
Trog accepts your kill.
The very large slime creature hits you!!
* * * LOW HITPOINT WARNING * * *
The large slime creature hits you!!
* * * LOW HITPOINT WARNING * * *
You block the red devil's attack.
Reach: g) +2 demon trident (flame)
Press: ? - help, Dir - move target, f - red devil
Aim: a red devil, wielding a +0 trident (summoned, about 39% to evade your +2 demon trident of flaming)
You reach to attack!
You barely miss the red devil.
The very large slime creature hits you!!!
You die...

..........≈.............≈#
.........≈8≈........∩...∩###
........§.≈.............≈#8#
#########...###########..###
......ww#...#G..#.#..G#..#
......ww#...#..#...#..#..###
.#...#.w#####?##...##.#..#8#
..P.....#...#!.##J#..##..###
...©....#©.©#©.#@J4G..#©.#
........#...#!.##.#..##..###
.#...#..#####=##...##.#..#8#
........#...#..#...#..#..###
........#.8.#...#.#...#..#
#########...###########..###
.........................#8#
........................≈###
##########################


You could see a very large slime creature (summoned), a large slime creature
(summoned), a glowing orange brain and a red devil (summoned).

Vanquished Creatures
  A two-headed ogre (D:8)
  A glowing orange brain (Gauntlet)
  An ugly thing (Gauntlet)
  A cyclops (D:8)
  4 black mambas
  A torpor snail (Lair:4)
  9 cane toads
  6 komodo dragons
  A rime drake (Lair:4)
  A hornet (D:9)
  5 dream sheep (Lair:4)
  A troll (D:9)
  4 blink frogs (Lair:1)
  A wraith (D:9)
  4 wyverns
  Eustachio (D:5)
  A shadow (D:9)
  26 yaks
  A vampire (D:9)
  2 basilisks
  2 steam dragons
  6 vampire mosquitoes (Lair:2)
  Edmund (D:5)
  3 nagas (Lair:3)
  5 water moccasins
  The ghost of Lemondrips the Ruffian, an amateur TrDe (D:3)
  2 ice beasts
  4 orc warriors
  A black bear (D:4)
  2 sky beasts
  31 wolves (Lair:2)
  3 centaurs
  A phantom (D:7)
  4 kobold brigands
  9 bullfrogs
  4 scorpions
  A necrophage (D:8)
  A howler monkey (D:6)
  2 quasits (D:3)
  4 hounds
  6 orc priests
  2 jellies
  2 iguanas (D:6)
  12 orc wizards
  7 hell rats (Lair:2)
  7 gnolls
  6 adders
  3 worms
  5 dart slugs
  55 orcs
  2 ball pythons
  4 endoplasms
  2 giant cockroaches (D:4)
  4 goblins
  5 hobgoblins
  A jackal (D:1)
  24 kobolds
  5 quokkas
  4 bats
  5 frilled lizards
  4 rats
324 creatures vanquished.

Vanquished Creatures (others)
  25 fungi
  37 plants
62 creatures vanquished.

Grand Total: 386 creatures vanquished

Notes
Turn   | Place    | Note
-------+----------+-------------------------------------------
     0 | D:1      | doricub5 the Minotaur Berserker began the quest for the
                  | Orb.
     0 | D:1      | Reached XP level 1. HP: 19/19 MP: 0/0
   192 | D:1      | Reached skill level 4 in Fighting
   192 | D:1      | Reached XP level 2. HP: 27/27 MP: 1/1
   581 | D:1      | Reached ** piety under Trog
   805 | D:2      | Reached XP level 3. HP: 34/34 MP: 2/2
  1067 | D:2      | Found a faded altar of an unknown god.
  1266 | D:3      | Found a transporter.
  1269 | D:3      | Noticed Lemondrips's ghost (amateur TrDe)
  1341 | D:3      | Found a transporter.
  1420 | D:3      | Identified the +0 rapier of Mutilation {drain, Dex+5}
  1428 | D:3      | Reached skill level 5 in Fighting
  1428 | D:3      | Reached XP level 4. HP: 34/42 MP: 3/3
  1740 | D:3      | Killed Lemondrips's ghost
  1741 | D:3      | Reached skill level 1 in Shields
  1741 | D:3      | Reached XP level 5. HP: 27/50 MP: 4/4
  1742 | D:3      | Reached skill level 6 in Fighting
  1816 | D:4      | Reached XP level 6. HP: 41/57 MP: 5/5
  1882 | D:4      | Noticed a steam dragon
  1888 | D:4      | Killed a steam dragon
  1889 | D:4      | Found an opulent altar of Gozag.
  2059 | D:4      | Found a bloodstained altar of Trog.
  2093 | D:4      | Reached XP level 7. HP: 64/64 MP: 6/6
  2097 | D:4      | Reached *** piety under Trog
  2101 | D:4      | Reached skill level 7 in Fighting
  2503 | D:5      | Entered Level 5 of the Dungeon
  2505 | D:5      | Found a staircase to the Ecumenical Temple.
  2570 | D:5      | Found an ornate altar of the Wu Jian Council.
  2832 | D:5      | Noticed Eustachio
  2841 | D:5      | Killed Eustachio
  2842 | D:5      | Reached skill level 5 in Armour
  3226 | D:5      | Found a shimmering altar of Xom.
  3277 | D:5      | Noticed Edmund
  3295 | D:5      | Killed Edmund
  3296 | D:5      | Reached skill level 8 in Fighting
  3296 | D:5      | Reached skill level 5 in Dodging
  3296 | D:5      | Reached XP level 8. HP: 41/74 MP: 7/7
  3436 | D:6      | Found Coleh's Distillery.
  3504 | D:6      | Reached skill level 9 in Fighting
  3636 | D:6      | Reached skill level 5 in Shields
  3854 | D:6      | Found a hazy altar of Hepliaklqana.
  3970 | D:7      | Reached XP level 9. HP: 81/85 MP: 8/8
  3990 | D:7      | Found Yducw's Antique Armour Emporium.
  4001 | D:7      | Reached skill level 10 in Fighting
  4008 | D:7      | Bought a pair of runed gloves for 180 gold pieces
  4442 | D:8      | Noticed a two-headed ogre
  4454 | D:8      | Killed a two-headed ogre
  4534 | D:8      | Reached **** piety under Trog
  4550 | D:8      | Found a staircase to the Lair.
  4630 | D:8      | Reached skill level 11 in Fighting
  4852 | D:8      | Found a blossoming altar of Fedhas.
  4903 | D:8      | Reached XP level 10. HP: 96/96 MP: 9/9
  4980 | D:8      | Found a runed translucent door.
  5304 | D:8      | Noticed a cyclops
  5314 | D:8      | Killed a cyclops
  5315 | D:8      | Reached skill level 12 in Fighting
  5475 | D:9      | Found a staircase to the Orcish Mines.
  5502 | D:9      | Reached ***** piety under Trog
  5610 | D:9      | Paralysed by a hornet for 1 turns
  5699 | D:9      | Found an iron altar of Okawaru.
  5699 | D:9      | Found a stormy altar of Qazlal.
  6058 | D:9      | Reached skill level 13 in Fighting
  6307 | Lair:1   | Entered Level 1 of the Lair of Beasts
  6388 | Lair:1   | Noticed a cane toad
  6396 | Lair:1   | Killed a cane toad
  6489 | Lair:1   | Received a gift from Trog
  6492 | Lair:1   | Reached XP level 11. HP: 84/107 MP: 10/10
  7199 | Lair:2   | Reached skill level 10 in Armour
  7244 | Lair:2   | Reached skill level 14 in Fighting
  7343 | Lair:2   | Reached skill level 5 in Polearms
  7676 | Lair:2   | Received a gift from Trog
  8032 | Lair:2   | Found a staircase to the Swamp.
  8088 | Lair:3   | Reached skill level 10 in Shields
  8125 | Lair:3   | Reached XP level 12. HP: 118/118 MP: 11/11
  8221 | Lair:3   | Reached skill level 15 in Fighting
  8324 | Lair:3   | Reached skill level 10 in Dodging
  8459 | Lair:3   | Found a staircase to the Snake Pit.
  8989 | Lair:4   | Upgraded the game from 0.29.0-10-g45618ea6d2 to
                  | 0.29.0-11-gd7f09526c8
  9117 | Lair:4   | Reached skill level 16 in Fighting
  9146 | Lair:4   | Found a gate leading to a gauntlet.
  9195 | Gauntlet | Entered a Gauntlet
  9195 | Gauntlet | Found a transporter.
  9195 | Gauntlet | Found a transporter.
  9195 | Gauntlet | Found a transporter.
  9199 | Gauntlet | Found a transporter.
  9199 | Gauntlet | Found a transporter.
  9210 | Gauntlet | Found a transporter.
  9275 | Gauntlet | Found a transporter.
  9285 | Gauntlet | Found a transporter.
  9300 | Gauntlet | Found a transporter.
  9310 | Gauntlet | Found a transporter.
  9325 | Gauntlet | Found a transporter.
  9331 | Gauntlet | Found a transporter.
  9365 | Gauntlet | Noticed an anaconda
  9378 | Gauntlet | an anaconda changed into a tyrant leech
  9435 | Gauntlet | Noticed a quicksilver ooze
  9435 | Gauntlet | a tyrant leech changed into a quicksilver ooze
  9473 | Gauntlet | Annihilated by a very large slime creature

Illustrated notes

Levels and vault maps discovered:
D:1:      minmay_arrival_doors, layout_loops_cross, hangedman_decor_growths,
          minmay_quantized
D:2:      layout_loops_ring, shapermc_ecumenical_altar_mp_ritualfount,
          minmay_misc_feat_roman
D:3:      layout_basic, gammafunk_ghost_stat_death
D:4:      layout_cave_pods, mainiacjoe_overflow_concentric_impassable,
          mainiacjoe_overflow_paths, st_stairs_14, grunt_decor_cap
D:5:      layout_gridville, brannock_xom_greatest_gift,
          nzn_wu_jian_council_hall, minmay_temple_entry_large_hall,
          uniq_eustachio, uniq_edmund
D:6:      minmay_inner_zag, layout_rooms, nzn_hepliaklqana_mist_gate,
          nrook_pool_corridor, nicolae_take_the_stairs
D:7:      layout_rooms, serial_shops, nicolae_square_shop, dk_vineyard_2,
          minmay_misc_feat_rows
D:8:      layout_loops_ring, fedhas_altar_4, dpeg_oklobed_lair,
          lightli_church_of_beogh
D:9:      layout_basic, gammafunk_temple_overflow_elements, david_orc_2
Lair:1:   layout_long_grid, infiniplex_staircase_pool
Lair:2:   layout_chaotic_city, minmay_swamp_entry_swarm,
          grunt_forest_large_clearings, infiniplex_staircase_pool_2
Lair:3:   layout_loops_ring, minmay_snake_entry_guardpost_small,
          grunt_megastairs_5, serial_bayou_shore_a
Lair:4:   layout_long_grid, gauntlet_entry_generic, beast_lair_carwin_6,
          lemuel_fruit_tree, grunt_megastairs_3
Gauntlet: gammafunk_gauntlet_shortcut [gammafunk_gauntlet_arena_chambers,
          gammafunk_gauntlet_arena_hedges, gammafunk_gauntlet_arena_crates,
          nicolae_gauntlet_arena_t_cross, gammafunk_gauntlet_arena_spirals,
          nicolae_gauntlet_arena_x, nicolae_gauntlet_exit_dead_adventurers]

Skill      XL: |  1  2  3  4  5  6  7  8  9 10 11 12 |
---------------+-------------------------------------+-----
Fighting       | 4 5 6 8 9 11 13 14 16 | 16.1
Armour         | 3 4 5 6 8 9 10 11 | 11.6
Dodging        | 3 4 5 6 7 8 9 10 | 10.0
Shields        | 1 2 4 5 7 8 10 11 | 11.0
Polearms       | 6 7 |  7.7

Action                   |  1- 3 |  4- 6 |  7- 9 | 10-12 || total
-------------------------+-------+-------+-------+-------++-------
Melee: Spear             |   102 |       |       |       ||   102
       Headbutt          |    15 |     7 |    48 |    70 ||   140
       War axe           |    17 |    49 |   212 |   172 ||   450
       Rapier            |       |     8 |       |       ||     8
       Demon trident     |       |       |       |   337 ||   337
Throw: Javelin           |       |       |     5 |     7 ||    12
Invok: Berserk           |     1 |     1 |     1 |     3 ||     6
       Trog's Hand       |       |       |       |     2 ||     2
       Brothers in Arms  |       |       |       |     1 ||     1
Evoke: Wand              |       |       |     1 |     4 ||     5
  Use: Scroll            |     4 |     2 |     8 |     9 ||    23
       Potion            |       |       |       |     2 ||     2
 Stab: Sleeping          |     1 |       |       |       ||     1
Armor: Animal skin       |     8 |       |       |       ||     8
       Scale mail        |    10 |    27 |    25 |       ||    62
       Ring mail         |       |       |    56 |    26 ||    82
       Plate armour      |       |       |       |   176 ||   176
Dodge: Dodged            |    40 |    37 |   160 |   321 ||   558
Block: Kite shield       |     3 |    35 |    94 |   301 ||   433
